 Dungeon Crawl Stone Soup version 0.27.1-1-g398f81649c (webtiles) character file.

Game seed: 18107464645811923061

3532 pkoi the Carver (level 9, -2/118 HPs)
             Began as a Minotaur Fighter on Sept 15, 2021.
             Was an Elder of Trog.
             Slain by an orc knight (5 damage)
             ... in a bailey.
             The game lasted 00:08:51 (9421 turns).

pkoi the Carver (Minotaur Fighter)                  Turns: 9421, Time: 00:08:51

Health: -2/118     AC:  8    Str: 25    XL:     9   Next: 82%
Magic:  8/8        EV: 10    Int:  5    God:    Trog [****..]
Gold:   352        SH: 11    Dex:  9    Spells: 8/8 levels left

rFire    . . .     SeeInvis .   u - +5 long sword (freeze)
rCold    . . .     Faith    .   c - +0 kite shield
rNeg     . . .     Spirit   .   b - +0 scale mail
rPois    .         Reflect  .   (helmet restricted)
rElec    .         Harm     .   (no cloak)
rCorr    .         Rampage  .   (no gloves)
Will     .....                  (no boots)
Stlth    ..........             (no amulet)
HPRegen  0.29/turn              (no ring)
MPRegen  0.11/turn              (no ring)

@: berserking (expiring), very quick
A: horns 2, retaliatory headbutt
a: Renounce Religion, Berserk, Trog's Hand, Brothers in Arms


You were in a bailey.
You worshipped Trog.
Trog was greatly pleased with you.
You visited 2 branches of the dungeon, and saw 8 of its levels.
You also visited: Bailey.

You collected 352 gold pieces.

Inventory:

Hand Weapons
 a - a +0 long sword
 t - the +8 morningstar "Edeomiar" {venom, Fly}
   (You found it on level 6 of the Dungeon)

   It poisons the flesh of those it strikes.
   Fly:       It grants you flight.
 u - a +5 long sword of freezing (weapon)
Missiles
 o - 11 boomerangs (quivered)
 p - 18 poisoned darts
Armour
 b - a +0 scale mail (worn)
 c - a +0 kite shield (worn)
Wands
 m - a wand of flame (27)
 q - a wand of digging (7)
Scrolls
 e - 2 scrolls of immolation
 f - a scroll of acquirement
Potions
 d - 6 potions of might
 g - 5 potions of heal wounds {unknown}
 k - 4 potions of curing {unknown}
 l - 2 potions of flight {unknown}
 n - 4 potions of brilliance
 r - 3 potions of cancellation
 v - a potion of lignification


   Skills:
 + Level 7.4 Fighting
 * Level 9.7 Long Blades
 + Level 3.1 Throwing
 + Level 7.5 Armour
 - Level 5.2 Dodging
 + Level 7.5 Shields
 - Level 2.5 Evocations


You had 8 spell levels left.
You didn't know any spells.
Your spell library was empty.

Dungeon Overview and Level Annotations

Branches:
Dungeon (7/15)             Temple (1/1) D:6          Bailey (1/1)

Altars:
Ashenzari
Dithmenos
Elyvilon
Fedhas
Gozag
Hepliaklqana
Makhleb
Nemelex Xobeh
Okawaru
Trog
Uskayaw
Wu Jian
Xom
Yredelemnul
The Shining One

Shops:
D:1 (


Innate Abilities, Weirdness & Mutations

You have a pair of horns on your head.
You reflexively headbutt those who attack you in melee.


Message History

The orc hits you from afar with a +0 trident.
* * * LOW HITPOINT WARNING * * *
Items here: ))) †.
You closely miss the orc knight. You block the orc's attack.
The orc knight roars a battlecry!
The orc goes into a battle-frenzy!
The orc hits you from afar with a +4 spear.
* * * LOW HITPOINT WARNING * * *
Unknown command.
You barely miss the orc knight.
The orc warrior no longer looks unusually strong.
The orc no longer looks unusually strong. x2
You block the orc warrior's attack. You block the orc's attack.
Unknown command.
You hit the orc knight but do no damage.
You block the orc's attack. x3
The orc knight roars a battlecry!
The orcs go into a battle-frenzy!
The orc warrior completely misses you.
The orc hits you from afar with a +0 trident.
* * * LOW HITPOINT WARNING * * *
You slash the orc knight! You freeze the orc knight.
You headbutt the orc knight!
The orc knight is heavily wounded.
You block the orc's attack. The orc barely misses you.
You block the orc's attack.
The orc warrior hits you with a +0 glaive!!
* * * LOW HITPOINT WARNING * * *
You block the orc's attack. The orc hits you but does no damage.
The orc hits you with a +0 trident!
* * * LOW HITPOINT WARNING * * *
You see here a +0 halberd.
Unknown command.
Unknown command.
You slice the orc knight!! You freeze the orc knight!
Your headbutt misses the orc knight.
The orc knight is almost dead.
The orc hits you but does no damage.
The orc knight hits you with a +0 halberd.
You die... #.......# #.......# #.......# #.......# ##.....## ###'### #.o.# #ooo#

#o@o#
#))o#
###)###
##.....##
#...)...#
#.......#
#.......#
#.......#
#)......#


You could see an orc knight, an orc warrior (strong) and 5 orcs.

Vanquished Creatures
  Maggie (D:6)
  Sigmund (D:4)
  A steam dragon (D:7)
  2 water moccasins (D:6)
  2 ice beasts (D:6)
  A sky beast (D:6)
  5 orc warriors
  2 black bears
  2 necrophages (D:5)
  A centaur (D:6)
  A phantom (D:5)
  A bullfrog (D:6)
  2 scorpions
  2 water moccasin zombies
  8 wights
  A howler monkey (D:4)
  A centaur zombie (D:5)
  5 hounds
  An orc priest (D:7)
  A gnoll shaman (D:5)
  A jelly (D:5)
  Natasha (thrice) (D:4)
  2 iguanas
  5 orc wizards
  11 gnolls
  9 adders
  An ufetubus (D:5)
  An adder skeleton (D:5)
  2 worms (D:2)
  A dart slug (D:1)
  40 orcs
  3 bats
  7 endoplasms
  2 giant cockroaches
  16 goblins
  3 hobgoblins
  4 quokkas
  4 ball pythons
  2 frilled lizards (D:2)
  9 kobolds
  2 rats
169 creatures vanquished.

Vanquished Creatures (others)
  2 orc wizards
2 creatures vanquished.

Grand Total: 171 creatures vanquished

Notes
Turn   | Place    | Note
-------+----------+-------------------------------------------
     0 | D:1      | pkoi the Minotaur Fighter began the quest for the Orb.
     0 | D:1      | Reached XP level 1. HP: 19/19 MP: 0/0
    38 | D:1      | Found a faded altar of an unknown god.
    53 | D:1      | Became a worshipper of Trog the Wrathful
    53 | D:1      | Reached * piety under Trog
    68 | D:1      | Reached XP level 2. HP: 23/27 MP: 1/1
   198 | D:1      | Found Olife's Weapon Shop.
   501 | D:1      | Reached skill level 3 in Long Blades
   628 | D:2      | Reached XP level 3. HP: 25/33 MP: 2/2
   629 | D:2      | Reached skill level 1 in Dodging
   782 | D:2      | Reached XP level 4. HP: 35/40 MP: 3/3
  1394 | D:2      | Reached ** piety under Trog
  1721 | D:2      | Reached skill level 4 in Long Blades
  2425 | D:3      | Reached XP level 5. HP: 40/46 MP: 4/4
  2917 | D:3      | Found an ornate altar of the Wu Jian Council.
  3378 | D:4      | Noticed Natasha
  3390 | D:4      | Killed Natasha
  3684 | D:4      | Reached XP level 6. HP: 43/53 MP: 5/5
  3813 | D:4      | Noticed Sigmund
  3824 | D:4      | Killed Sigmund
  3825 | D:4      | Reached skill level 5 in Fighting
  3825 | D:4      | Reached skill level 5 in Long Blades
  3825 | D:4      | Reached skill level 5 in Armour
  3825 | D:4      | Reached skill level 5 in Shields
  3898 | D:4      | Found a basalt altar of Yredelemnul.
  4011 | D:4      | Noticed Natasha
  4025 | D:4      | Killed Natasha
  4026 | D:4      | Reached XP level 7. HP: 29/61 MP: 6/6
  4251 | D:4      | Noticed Natasha
  4259 | D:4      | Killed Natasha
  4564 | D:5      | Entered Level 5 of the Dungeon
  4733 | D:5      | Reached skill level 6 in Long Blades
  5031 | D:5      | Reached skill level 1 in Evocations
  5088 | D:5      | Reached *** piety under Trog
  5271 | D:5      | Reached XP level 8. HP: 59/70 MP: 7/7
  5830 | D:5      | Reached skill level 7 in Long Blades
  6417 | D:5      | HP: 3/70 [gnoll (5)]
  6812 | D:6      | Found a staircase to the Ecumenical Temple.
  6849 | Temple   | Entered the Ecumenical Temple
  7224 | D:6      | Reached skill level 8 in Long Blades
  7396 | D:6      | Reached skill level 1 in Throwing
  7396 | D:6      | Reached XP level 9. HP: 68/78 MP: 8/8
  7396 | D:6      | Identified the +8 morningstar "Edeomiar" {venom, Fly}
  7660 | D:6      | Reached skill level 5 in Dodging
  8002 | D:6      | Noticed Maggie
  8017 | D:6      | Killed Maggie
  8254 | D:7      | Reached skill level 9 in Long Blades
  8350 | D:7      | Found a flagged portal.
  8612 | Bailey   | Entered a bailey
  8696 | Bailey   | Reached **** piety under Trog
  9381 | Bailey   | Noticed an orc knight
  9420 | Bailey   | HP: 3/118 [orc (11)]
  9421 | Bailey   | Slain by an orc knight

Illustrated notes

Levels and vault maps discovered:
D:1:      ncdulo_wetmaze, layout_basic, serial_shops, shop,
          basic_ecumenical_altar, fountainhead, minmay_misc_feat_square
D:2:      layout_basic
D:3:      layout_loops_ring, overflow_temple_1_default
D:4:      layout_rooms, yredelemnul_altar_generic, serial_park_tiny_2,
          minmay_misc_feat_cross, uniq_sigmund, uniq_natasha
D:5:      layout_basic
D:6:      layout_rooms, temple_statues, uniq_maggie
D:7:      layout_loops_ring, enter_bailey_5
Temple:   cyrus_circular_temple
Bailey:   bailey_polearm_5, bailey

Skill      XL: |  1  2  3  4  5  6  7  8  9 |
---------------+----------------------------+-----
Long Blades    | 3 4 5 6 8 9 |  9.7
Dodging        | 1 2 3 4 5 |  5.2
Shields        | 4 5 6 7 |  7.5
Fighting       | 4 5 6 7 |  7.4
Armour         | 4 5 6 7 |  7.5
Evocations     | 1 2 |  2.5
Throwing       | 1 3 |  3.1

Action                   |  1- 3 |  4- 6 |  7- 9 || total
-------------------------+-------+-------+-------++-------
Melee: Long sword        |    51 |   168 |   279 ||   498
       Headbutt          |    10 |    24 |    56 ||    90
       Morningstar       |       |       |    19 ||    19
Invok: Berserk           |       |     4 |     9 ||    13
       Trog's Hand       |       |       |     3 ||     3
  Use: Scroll            |       |       |     8 ||     8
Armor: Scale mail        |    28 |    60 |   150 ||   238
Dodge: Dodged            |    18 |    47 |   159 ||   224
Block: Kite shield       |    31 |    90 |   265 ||   386
       Rpst.: Long sword |     5 |    13 |    22 ||    40
